 Dungeon Crawl Stone Soup version 0.24-a0-341-g52ca42d3ec (webtiles) character file.

Game seed: 12891185502922565941

85 mhoghedin the Magician (level 4, -3/30 HPs)
             Began as a Mummy Wizard on May 20, 2019.
             Slain by a gnoll
             ... wielding a +0 flail
              (9 damage)
             ... on level 3 of the Dungeon.
             The game lasted 00:04:30 (3045 turns).

mhoghedin the Magician (Mummy Wizard)               Turns: 3045, Time: 00:04:31

Health: -3/30      AC:  2    Str: 10    XL:     4   Next: 25%
Magic:  12/12      EV: 12    Int: 15    God:
Gold:   149        SH:  0    Dex: 10    Spells: 3/15 levels left

rFire    x . .     SeeInvis .   d - +0 spear
rCold    + . .     Gourm    .   (no shield)
rNeg     + + +     Faith    .   a - +0 robe
rPois    ∞         Spirit   .   b - +0 hat
rElec    .         Reflect  .   (no cloak)
rCorr    .         Harm     +   (no gloves)
MR       .....                  (no boots)
Stlth    ++........             f - amulet of harm
HPRegen  0.10/turn              c - -3 ring of intelligence (curse)
MPRegen  0.13/turn              (no ring)

@: no status effects
A: no food or potions, fire vulnerability, cold resistance 1, negative energy
resistance 3, torment resistance, unbreathing
a: no special abilities


You were on level 3 of the Dungeon.
You were not hungry.

You visited 1 branch of the dungeon, and saw 3 of its levels.

You collected 149 gold pieces.

Inventory:

Hand Weapons
 d - a +0 spear (weapon)
   (You found it on level 1 of the Dungeon)
Armour
 a - a +0 robe (worn)
 b - a +0 hat (worn)
 e - a +0 pair of gloves
   (You found it on level 1 of the Dungeon)
Jewellery
 c - a cursed -3 ring of intelligence (left hand)
   (You found it on level 1 of the Dungeon)
 f - an amulet of harm (around neck)
   (You found it on level 2 of the Dungeon)
Scrolls
 g - a scroll of enchant armour {unknown}
 h - a scroll of immolation {unknown}
 i - a scroll of identify {unknown}


   Skills:
 - Level 1.5 Dodging
 - Level 1.5 Stealth
 - Level 6.0 Spellcasting
 + Level 1.3 Conjurations
 + Level 1.1 Summonings
 - Level 0.7 Translocations


You had 3 spell levels left.
You knew the following spells:

 Your Spells              Type           Power        Failure   Level  Hunger
a - Conjure Flame         Conj/Fire      #.......     34%         3    N/A
b - Blink                 Tloc           N/A          17%         2    N/A
c - Call Imp              Summ           #.......     14%         2    N/A
s - Slow                  Hex            #.......     22%         2    N/A
x - Mephitic Cloud        Conj/Pois/Air  #.......     36%         3    N/A

Your spell library contained the following spells:

 Spells                   Type           Power        Failure   Level  Hunger
 Magic Dart               Conj           #...         9%          1    N/A

Dungeon Overview and Level Annotations

Branches:
Dungeon (3/15)

Altars:
Nemelex Xobeh


Innate Abilities, Weirdness & Mutations

You do not eat or drink.
Your flesh is vulnerable to fire.
You are immune to poison.
Your flesh is cold resistant. (rC+)
You are immune to negative energy. (rN+++)
You are immune to unholy pain and torment.
You can survive without breathing.


Message History

The goblin misses you.
You now have 10/12 mp.
You hit the goblin. The goblin completely misses you.
Your white imp barely misses the goblin.
The goblin hits you but does no damage.
You closely miss the goblin.
Your white imp gestures at the goblin.
The puff of frost hits the goblin!
The goblin dies!
The kobold throws a stone.
The stone hits you but does no damage.
Attack whom?
Aim: a kobold You reach to attack!
You closely miss the kobold.
The kobold throws a stone.
The stone hits your white imp but does no damage.
Attack whom?
Aim: a kobold You reach to attack!
You barely miss the kobold.
Your white imp hits the kobold.
Your white imp freezes the kobold.
The kobold dies!
Attack whom?
Aim: a hobgoblin, wielding a +0 club You could not reach far enough!
Your white imp hits the hobgoblin.
Your white imp freezes the hobgoblin.
The hobgoblin barely misses your white imp.
Attack whom?
Aim: a hobgoblin, wielding a +0 club (heavily wounded)
You could not reach far enough!
Your white imp hits the hobgoblin.
Your white imp freezes the hobgoblin.
The hobgoblin dies!
No target in view!
You swap places.
Things that are here:
a stone; a +0 dagger
Things that are here:
a +0 club; a kobold corpse You swap places.
Things that are here:
a stone; a +0 dagger You see here a stone.
You swap places.
You swap places.
You see here a stone.
Your white imp disappears in a puff of smoke!
You now have 149 gold pieces (gained 12).
Found a stone staircase leading up.
Health restored: 30; MP restored: 12 A ball python comes into view.
The ball python hisses angrily.
A ball python is nearby!
You hit the ball python.
You kill the ball python!
No target in view!
No target in view!
There is a stone staircase leading up here.
Done exploring.
Done exploring.
Done exploring.
(D) Dungeon
Where to? (Enter - D:2, ? - help)
There is a stone staircase leading up here.
There is a stone staircase leading down here.
You climb downwards. 3 gnolls come into view.
The gnoll shouts! x2
There is a stone staircase leading up here.
Attack whom?
Aim: a gnoll, wielding a +0 whip (hasn't noticed you)
You reach to attack!
You barely miss the gnoll. The gnoll hits you with a +0 whip.
You climb upwards.
There is a stone staircase leading down here.
You take 6 damage, and have 24/30 hp.
A beastly little devil appears in a puff of frigid air.
The gnoll closely misses you.
You now have 10/12 mp.
Your white imp hits the gnoll.
Your white imp freezes the gnoll.
Your white imp gestures at the gnoll.
The puff of frost hits the gnoll.
The gnoll closely misses your white imp.
Attack whom?
Aim: a gnoll, wielding a +0 whip (severely wounded)
You reach to attack!
You hit the gnoll.
You kill the gnoll!
No target in view!
You swap places.
Things that are here:
a +0 whip; a gnoll corpse You start resting.
Your white imp disappears in a puff of smoke!
Health restored: 30; MP restored: 12
There is a stone staircase leading down here.
You climb downwards.
The gnoll hits you with a +0 whip! The gnoll hits you with a +0 flail!
* * * LOW HITPOINT WARNING * * *
There is a stone staircase leading up here.
You take 24 damage, and have 6/30 hp.
MASSIVE DAMAGE!!
Unknown command.
The gnoll barely misses you. The gnoll hits you with a +0 flail!
You die...

#### ..#
#######g#
#......@#
#......g#
#########


You could see 2 gnolls.

Vanquished Creatures
  A gnoll (D:2)
  An adder (D:2)
  A worm (D:2)
  3 dart slugs
  A leopard gecko (D:1)
  6 bats
  2 giant cockroaches (D:2)
  3 goblins
  4 hobgoblins
  4 jackals
  6 kobolds
  A ball python (D:2)
  2 rats
35 creatures vanquished.

Vanquished Creatures (collateral kills)
  A hound (D:2)
  An adder (D:2)
  A leopard gecko (D:1)
  2 goblins (D:2)
  2 hobgoblins (D:2)
  2 kobolds (D:2)
  A rat (D:2)
10 creatures vanquished.

Grand Total: 45 creatures vanquished

Notes
Turn   | Place    | Note
-------+----------+-------------------------------------------
     0 | D:1      | mhoghedin the Mummy Wizard began the quest for the Orb.
     0 | D:1      | Reached XP level 1. HP: 13/13 MP: 5/5
   705 | D:1      | Reached XP level 2. HP: 17/19 MP: 7/7
   798 | D:1      | Learned a level 2 spell: Blink
   801 | D:1      | Learned a level 2 spell: Call Imp
   804 | D:1      | Learned a level 2 spell: Slow
   823 | D:1      | Found a sparkling altar of Nemelex Xobeh.
   837 | D:1      | Reached skill level 5 in Spellcasting
  1041 | D:1      | HP: 4/19 [leopard gecko (4)]
  1721 | D:2      | Reached XP level 3. HP: 6/24 MP: 2/9
  2169 | D:2      | Learned a level 3 spell: Conjure Flame
  2173 | D:2      | Learned a level 3 spell: Mephitic Cloud
  2191 | D:2      | Reached skill level 6 in Spellcasting
  2540 | D:2      | Reached skill level 1 in Conjurations
  2699 | D:2      | Reached XP level 4. HP: 25/30 MP: 9/12
  2758 | D:2      | Reached skill level 1 in Summonings
  3044 | D:3      | HP: 6/30 [gnoll/+0 flail (14)]
  3045 | D:3      | Slain by a gnoll

Levels and vault maps discovered:
D:1:      psy_arrival_terrarium, layout_basic, nemelex_diamond_rough_becter
D:2:      layout_loops_cross
D:3:      layout_basic, minmay_diced_spiral, uniq_sigmund

Skill      XL: |  1  2  3  4 |
---------------+-------------+-----
Spellcasting   | 5 6 |  6.0
Conjurations   | 1 |  1.3
Summonings     | 1 |  1.1
Dodging        | |  1.5
Stealth        | |  1.5
Translocations | |  0.7

Action                   |  1- 3 |  4- 6 || total
-------------------------+-------+-------++-------
Melee: Hand axe          |     8 |       ||     8
       Spear             |   126 |    19 ||   145
 Cast: Magic Dart        |    19 |       ||    19
       Call Imp          |    10 |     4 ||    14
       Blink             |     1 |       ||     1
  Use: Scroll            |     3 |       ||     3
 Stab: Sleeping          |     5 |       ||     5
Armor: Robe              |    29 |     2 ||    31
Dodge: Dodged            |   101 |    10 ||   111

Table legend:
 A = Non-vault XP
 B = Vault XP
 C = Vault XP percentage of total XP
 D = Non-vault monster count
 E = Vault monster count
 F = Vault count percentage of total count
                 A         B        C        D         E       F
            +---------+---------+-------+---------+---------+-------
      Total |     122 |       0 |   0.0 |      45 |       0 |   0.0
            +---------+---------+-------+---------+---------+-------
        D:1 |      34 |       0 |   0.0 |      16 |       0 |   0.0
        D:2 |      88 |       0 |   0.0 |      29 |       0 |   0.0
            +---------+---------+-------+---------+---------+-------

Levels and vault maps discovered:
D:1:      psy_arrival_terrarium, layout_basic, nemelex_diamond_rough_becter
D:2:      layout_loops_cross
D:3:      layout_basic, minmay_diced_spiral, uniq_sigmund

Table legend:
 A = Turns spent in this place as a percentage of turns spent in the entire game.
 B = Non-inter-level travel turns spent in this place as a percentage of non-inter-level travel turns spent in the entire game.
 C = Inter-level travel turns spent in this place as a percentage of turns spent in this place.
 D = Turns resting spent in this place as a percentage of non-inter-level travel turns spent in this place.
 E = Turns spent auto-exploring this place as a percentage of non-inter-level travel turns spent in this place.
 F = Non-inter-level travel turns spent in this place divided by the number of levels of this place that you've seen.
                   A       B       C       D       E      F
               +-------+-------+-------+-------+-------+----------------------
         Total | 100.0 | 100.0 |   1.0 |  45.2 |  38.2 | 1005.3
       Dungeon | 100.0 | 100.0 |   1.0 |  45.2 |  38.2 | 1005.3
               +-------+-------+-------+-------+-------+----------------------

Table legend:
 A = Kills in this place as a percentage of kills in entire the game.
 B = Kills by you in this place as a percentage of kills by you in the entire game.
 C = Kills by friends in this place as a percentage of kills by friends in the entire game.
 D = Other kills in this place as a percentage of other kills in the entire game.
 E = Experience gained in this place as a percentage of experience gained in the entire game.
 F = Experience gained in this place divided by the number of levels of this place that you have seen.
                   A       B       C       D       E      F
               +-------+-------+-------+-------+-------+----------------------
         Total | 100.0 | 100.0 | 100.0 |   N/A | 100.0 |  40.7
       Dungeon | 100.0 | 100.0 | 100.0 |   N/A | 100.0 |  40.7
               +-------+-------+-------+-------+-------+----------------------
